 Dungeon Crawl Stone Soup version 0.27-a0-1202-ge72e49191c (webtiles) character file.

Game seed: 565221097265055471

4257 Gwenloh the Cleaver (level 10, -12/71 HPs)
             Began as a Palentonga Warper on June 3, 2021.
             Was a Believer of Okawaru.
             Mangled by a gnoll sergeant
             ... wielding a +3 vorpal trident
              (13 damage)
             ... on level 9 of the Dungeon.
             The game lasted 00:40:16 (9863 turns).

Gwenloh the Cleaver (Palentonga Warper)             Turns: 9863, Time: 00:40:17

Health: -12/71     AC: 16    Str: 19    XL:     10   Next: 10%
Magic:  5/13       EV:  9    Int: 15    God:    Okawaru [**....]
Gold:   464        SH:  0    Dex: 13    Spells: 3/13 levels left

rFire    . . .     SeeInvis +   E - +8 war axe "Ugietor" {flame, +Blink rPois Str+4 Int+2}
rCold    . . .     Faith    .   (no shield)
rNeg     . . .     Spirit   .   b - +0 leather armour
rPois    +         Reflect  .   t - +0 helmet
rElec    .         Harm     .   (no cloak)
rCorr    .         Rampage  .   (no gloves)
Will     .....                  (no barding)
Stlth    +.........             A - amulet of the acrobat
HPRegen  0.21/turn              q - +4 ring of protection
MPRegen  0.13/turn              J - +4 ring of slaying

@: curled up
A: large, rugged brown scales 3, see invisible, deformed body, roll 1, armoured
tail, reflexive curl
a: Rolling Charge, Renounce Religion, Evoke Blink, Heroism


You were on level 9 of the Dungeon.
You worshipped Okawaru.
Okawaru was pleased with you.
You visited 2 branches of the dungeon, and saw 10 of its levels.

You collected 464 gold pieces.

Inventory:

Hand Weapons
 a - a +0 mace
 o - a +3 mace
 E - the +8 war axe "Ugietor" (weapon) {flame, +Blink rPois Str+4 Int+2}
   (You found it on level 5 of the Dungeon)

   It has been specially enchanted to burn those struck by it, causing extra
   injury to most foes and up to half again as much damage against particularly
   susceptible opponents.
   Big, fiery blades are also staple armaments of hydra-hunters.
   It affects your strength (+4).
   It affects your intelligence (+2).
   It protects you from poison.
   It lets you blink.
Missiles
 e - 5 boomerangs of dispersal
 j - 310 stones
 v - 8 atropa-tipped darts
 M - a throwing net
 O - 18 poisoned darts (quivered)
 Q - a curare-tipped dart
Armour
 b - a +0 leather armour (worn)
 t - a +0 helmet (worn)
Jewellery
 m - a ring of resist corrosion
 p - a +6 ring of strength
 q - a +4 ring of protection (left hand)
 A - an amulet of the acrobat (around neck)
 G - an amulet of reflection
 J - a +4 ring of slaying (right hand)
 L - a +4 ring of protection
Wands
 B - a wand of iceblast (4)
 I - a wand of polymorph (6)
 K - a wand of flame (25)
Scrolls
 d - a scroll of blinking
 g - 2 scrolls of fog
 h - 2 scrolls of acquirement {unknown}
 l - 6 scrolls of identify {unknown}
 n - 4 scrolls of magic mapping
 r - 3 scrolls of enchant weapon {unknown}
 s - a scroll of enchant armour {unknown}
 y - 2 scrolls of immolation {unknown}
 C - 2 scrolls of teleportation {unknown}
 D - a scroll of fear {unknown}
 N - 2 scrolls of noise {unknown}
 P - a scroll of summoning {unknown}
Potions
 c - 3 potions of lignification {unknown}
 f - 5 potions of heal wounds {unknown}
 i - 3 potions of curing
 k - 2 potions of magic {unknown}
 u - 3 potions of flight {unknown}
 w - 3 potions of attraction {unknown}
 x - 3 potions of brilliance {unknown}
 z - 2 potions of haste {unknown}
 F - a potion of invisibility {unknown}
 H - 2 potions of degeneration {unknown}


   Skills:
 - Level 2.0 Fighting
 * Level 10.3(11.0) Axes
 - Level 6.4(9.3) Maces & Flails
 - Level 0.6 Throwing
 - Level 0.7 Armour
 - Level 1.5 Dodging
 - Level 2.0 Spellcasting
 + Level 9.0 Translocations


You had 3 spell levels left.
You knew the following spells:

 Your Spells              Type           Power      Damage    Failure   Level
a - Blink                 Tloc           N/A        N/A       1%          2
b - Gell's Gravitas       Tloc           14%        N/A       1%          3
c - Manifold Assault      Tloc           28%        N/A       19%         5

Your spell library contained the following spells:

 Spells                   Type           Power      Damage    Failure   Level
 Lesser Beckoning         Tloc           14%        N/A       1%          3
 Teleport Other           Tloc           28%        N/A       1%          3
 Magic Dart               Conj           4%         1d3       26%         1
 Sandblast                Erth           2%         2d4       26%         1
 Passwall                 Tmut/Erth      0%         N/A       36%         2
 Searing Ray              Conj           2%         3d3       36%         2
 Dazzling Flash           Conj/Hex       2%         N/A       61%         3
 Stone Arrow              Conj/Erth      2%         3d7       61%         3
 Iskenderun's Mystic Bla  Conj/Tloc      15%        2d5       38%         4
 Fulminant Prism          Conj/Hex       0%         3d6       95%         4
 Petrify                  Tmut/Erth      1%         N/A       95%         4
 Lee's Rapid Deconstruct  Erth           0%         3d5*      100%        5


Dungeon Overview and Level Annotations

Branches:
Dungeon (9/15)             Temple (1/1) D:7
   Lair: D:8-11         Orc: D:9-12

Altars:
Ashenzari
Cheibriados
Dithmenos
Elyvilon
Fedhas
Gozag
Hepliaklqana
Kikubaaqudgha
Makhleb
Nemelex Xobeh
Okawaru
Qazlal
Ru
Sif Muna
Trog
Vehumet
Xom
Yredelemnul
Zin
The Shining One

Shops:
D:1 :   D:7 :


Innate Abilities, Weirdness & Mutations

You are completely covered in rugged brown scales. (AC +3, +7% HP)
You have supernaturally acute eyesight. (SInv)
Armour fits poorly on your strangely shaped body.
You can roll at nearby foes to attack.
You have a long armoured tail.
You curl defensively after being hit.


Message History

The gnoll sergeant collides with the gnoll!
The gnoll collides with the gnoll!
You kill the gnoll!
Okawaru accepts your kill.
The gnoll sergeant hits you from afar with a +3 vorpal trident!
The gnoll hits you but does no damage.
Casting: Gell's Gravitas (safe; 1% risk of failure)
Confirm with . or Enter, or press ? or * to list all spells.
Aiming: Gell's Gravitas (safe; 1% risk of failure)
Press: ? - help, Dir - move target, f - gnoll
Aim: a gnoll, wielding a +0 spear (almost dead) Gravity reorients around the gnoll.
The gnoll sergeant collides with the gnoll!
You kill the gnoll!
Okawaru accepts your kill.
The gnoll sergeant hits you from afar with a +3 vorpal trident!
You slash the gnoll! You burn the gnoll.
You kill the gnoll!
Okawaru accepts your kill.
The gnoll sergeant hits you from afar with a +3 vorpal trident.
* * * LOW HITPOINT WARNING * * *
x2 Roll where?
Press: ? - help, Dir - move target, f - gnoll sergeant
Aim: a gnoll sergeant, wielding a +3 vorpal trident, wearing a +0 ring mail and wearing a +0 buckler (heavily wounded)
You roll forward with a clatter of scales!
The gnoll sergeant blocks your attack.
The gnoll sergeant is heavily wounded.
You hear a shout!
The gnoll sergeant hits you with a +3 vorpal trident!
* * * LOW HITPOINT WARNING * * *
x2 You hear a shout!
You slash the gnoll sergeant! You burn the gnoll sergeant.
You tail-slap the gnoll sergeant, but do no damage.
The gnoll sergeant is almost dead.
The gnoll sergeant hits you with a +3 vorpal trident.
* * * LOW HITPOINT WARNING * * *
x2 The gnoll sergeant blocks your attack.
The gnoll sergeant is almost dead.
The gnoll sergeant hits you with a +3 vorpal trident!
You die...

##+##### #.....#
.......# #.....#
##+#### ....<..#
#.....+ #.....#
.......######.....#
#.....#
.......##...'.....#
#.....#
.......##.###.....#
#.....' ....>..'..#
#.....# #.....#
....†..#### #..)°.#
+.....# .......#
####@## #.....#
###'#### #g)#
###'### ##.# ##).#
##.# ##..# #.#
##..# #..## +#
#..## #'####
####'##### .....#
#........# .....#
#........+ .)...#
+........#


You could see a gnoll sergeant.

Vanquished Creatures
  Erica (D:8)
  4 yaks (D:9)
  A steam dragon (D:8)
  2 orc warriors (D:9)
  2 water moccasins
  A hornet zombie (D:8)
  3 ogres
  An ice beast (D:6)
  A necrophage (D:6)
  4 sky beasts
  2 centaurs
  A kobold brigand (D:9)
  A wyvern zombie (D:4)
  A gnoll sergeant (D:4)
  3 bullfrogs
  A wyvern skeleton (D:7)
  3 howler monkeys (D:9)
  A centaur zombie (D:9)
  A bullfrog zombie (D:6)
  A centaur skeleton (D:6)
  A hound (D:6)
  A gnoll shaman (D:8)
  2 orc priests
  Natasha (twice) (D:3)
  5 iguanas
  2 killer bee zombies
  21 gnolls
  A howler monkey skeleton (D:7)
  8 adders
  A shadow imp (D:6)
  An adder skeleton (D:4)
  A worm (D:5)
  4 dart slugs
  39 orcs
  A bat zombie (D:4)
  5 endoplasms
  7 giant cockroaches
  6 goblins
  8 hobgoblins
  3 jackals (D:2)
  5 kobolds
  4 quokkas
  9 ball pythons
  6 bats
  7 frilled lizards
  3 rats
  A rat zombie (D:4)
  A spectral orc (D:9)
190 creatures vanquished.

Notes
Turn   | Place    | Note
-------+----------+-------------------------------------------
     0 | D:1      | Gwenloh the Palentonga Warper began the quest for the Orb.
     0 | D:1      | Reached XP level 1. HP: 17/17 MP: 3/3
    98 | D:1      | Reached XP level 2. HP: 20/23 MP: 5/5
   139 | D:1      | Found Cotushroab's Book Shop.
   292 | D:1      | Learned a level 2 spell: Blink
   731 | D:2      | Reached XP level 3. HP: 26/28 MP: 3/6
  1187 | D:2      | Reached XP level 4. HP: 27/35 MP: 5/7
  2551 | D:2      | Learned a level 3 spell: Gell's Gravitas
  2638 | D:3      | Noticed Natasha
  2647 | D:3      | Killed Natasha
  3010 | D:3      | Reached XP level 5. HP: 40/40 MP: 8/8
  3112 | D:3      | Noticed Natasha
  3117 | D:3      | Killed Natasha
  3118 | D:3      | Reached skill level 5 in Maces & Flails
  3448 | D:4      | Noticed an ogre
  3466 | D:4      | Killed an ogre
  3467 | D:4      | Reached XP level 6. HP: 28/47 MP: 2/9
  3871 | D:4      | Noticed a water moccasin
  3894 | D:4      | Killed a water moccasin
  4378 | D:4      | Found an ancient bone altar of Kikubaaqudgha.
  4446 | D:5      | Entered Level 5 of the Dungeon
  4494 | D:5      | Reached skill level 5 in Translocations
  4564 | D:5      | Identified the +8 war axe "Ugietor" {flame, +Blink rPois
                  | Str+4 Int+2}
  4591 | D:5      | Gained mutation: You curl defensively after being hit.
                  | [Palentonga growth]
  4591 | D:5      | Reached XP level 7. HP: 53/53 MP: 7/10
  4596 | D:5      | Reached skill level 1 in Axes
  4618 | D:5      | Reached skill level 2 in Axes
  4783 | D:5      | Found a radiant altar of Vehumet.
  5156 | D:5      | Reached skill level 3 in Axes
  5510 | D:5      | Learned a level 5 spell: Manifold Assault
  5572 | D:6      | Reached skill level 4 in Axes
  5834 | D:6      | Reached XP level 8. HP: 59/59 MP: 11/11
  5899 | D:6      | Found a snail-covered altar of Cheibriados.
  5956 | D:6      | Reached skill level 5 in Axes
  6140 | D:6      | Reached skill level 6 in Axes
  6270 | D:6      | Found a sparkling altar of Nemelex Xobeh.
  6986 | D:7      | Found Jiephih's Book Shop.
  7051 | D:7      | Found a staircase to the Ecumenical Temple.
  7077 | D:7      | Reached skill level 7 in Axes
  7110 | Temple   | Entered the Ecumenical Temple
  7216 | Temple   | Became a worshipper of Warmaster Okawaru
  7914 | D:8      | Reached XP level 9. HP: 62/65 MP: 12/12
  7999 | D:8      | Noticed Erica
  8179 | D:8      | Killed Erica
  8179 | D:8      | Reached * piety under Okawaru
  8180 | D:8      | Reached skill level 8 in Axes
  8679 | D:8      | Reached skill level 9 in Axes
  8880 | D:8      | Found a glowing golden altar of the Shining One.
  9070 | D:9      | Found a broken altar of Ashenzari.
  9319 | D:9      | Found a basalt altar of Yredelemnul.
  9440 | D:9      | Reached ** piety under Okawaru
  9547 | D:9      | Reached skill level 10 in Axes
  9547 | D:9      | Reached XP level 10. HP: 41/71 MP: 9/13
  9862 | D:9      | HP: 2/71 [gnoll sergeant/+3 vorpal trident (4)]
  9863 | D:9      | Mangled by a gnoll sergeant

Illustrated notes

Levels and vault maps discovered:
D:1:      minmay_arrival_four_circles, layout_rooms, serial_shops,
          nicolae_shop_stone
D:2:      layout_basic, minmay_pentomino_pile
D:3:      minmay_evil_eye, layout_basic, st_stairs_2, uniq_natasha
D:4:      layout_basic, lemuel_zombie_altar_kikubaaqudgha
D:5:      layout_basic, nicolae_vehumet_altar_sigil
D:6:      layout_cave_pods, nemelex_xobeh_ov_fountains_minmay,
          general_overflow_altar, kennysheep_small_circle
D:7:      layout_gridville, temple_pool_b, serial_shops, shop
D:8:      layout_basic, lemuel_round_altar, uniq_erica
D:9:      layout_roguey [special_room_orc], evilmike_ruin_ashenzari,
          yredelemnul_forgotten_temple_becter, serial_shops,
          kennysheep_little_box, nicolae_shop_behind_doors, uniq_joseph
Temple:   dshaligram_water_room_temple

Skill      XL: |  1  2  3  4  5  6  7  8  9 10 |
---------------+-------------------------------+-----
Maces & Flails | 3 4 5 6 |  6.4
Translocations | 4 5 6 7 8 9 |  9.0
Axes           | 4 7 10 | 10.3
Fighting       | |  2.0
Throwing       | |  0.6
Armour         | |  0.7
Dodging        | |  1.5
Spellcasting   | |  2.0

Action                   |  1- 3 |  4- 6 |  7- 9 | 10-12 || total
-------------------------+-------+-------+-------+-------++-------
Melee: Mace              |    98 |   112 |       |       ||   210
       Tailslap          |    10 |     9 |    18 |     1 ||    38
       War axe           |       |     3 |   150 |    15 ||   168
Throw: Stone             |    25 |    41 |    53 |       ||   119
       Dart              |       |       |     7 |       ||     7
 Cast: Blink             |     6 |    26 |     9 |       ||    41
       Gell's Gravitas   |       |     2 |    12 |     5 ||    19
Invok: Heroism           |       |       |     1 |       ||     1
 Abil: Rolling Charge    |    26 |    44 |    53 |     3 ||   126
  Use: Potion            |       |     1 |       |       ||     1
       Scroll            |       |       |     2 |       ||     2
Armor: Leather armour    |    29 |    41 |    44 |     7 ||   121
Dodge: Dodged            |    43 |    57 |    55 |     4 ||   159

Table legend: (Time is in decaauts)
 A = Elapsed time spent in this place.
 B = Non-inter-level travel time spent in this place.
 C = Inter-level travel time spent in this place.
 D = Time resting spent in this place.
 E = Time spent auto-exploring this place.
 F = Levels seen in this place.
 G = Mean time per level.
                   A        B        C        D        E       F      G
               +--------+--------+--------+--------+--------+-----+--------+
         Total |   9960 |   9547 |    413 |    617 |   7369 |  10 |  996.0 |
       Dungeon |   9838 |   9425 |    413 |    617 |   7300 |   9 | 1093.1 |
        Temple |    122 |    122 |      0 |      0 |     69 |   1 |  122.0 |
               +--------+--------+--------+--------+--------+-----+--------+

Top non-repeatable levels by time:
     D:2: 1791 daAuts
     D:4: 1479 daAuts
     D:7: 1242 daAuts
     D:6: 1130 daAuts
     D:8: 1047 daAuts
     D:1: 837 daAuts
     D:9: 807 daAuts
     D:5: 765 daAuts
     D:3: 735 daAuts
  Temple: 122 daAuts
